 Dungeon Crawl Stone Soup version 0.30.0-29-ga12c61a403 (webtiles) character file.

Game seed: 5634242500167134598

1714 qw the Cleaver (level 9, -8/56 HPs)
             Began as a Gargoyle Fighter on June 3, 2023.
             Mangled by an orc warrior
             ... wielding a +0 glaive
              (15 damage)
             ... on level 6 of the Dungeon.
             The game lasted 00:03:01 (4864 turns).

qw the Cleaver (Gargoyle Fighter)                   Turns: 4864, Time: 00:03:02

Health: -8/56      AC: -6    Str: 19    XL:     9   Next: 4%
Magic:  9/9        EV: 11    Int: 10    God:
Gold:   51         SH:  5    Dex: 19    Spells: 8/8 levels left

rFire   . . .        Y - +2 war axe (venom)
rCold   . . .        c - +0 buckler
rNeg    + + .        k - +5 ring mail of the Shore {rN+ Str-4 Dex+10}
rPois   inf          b - +0 helmet
rElec   +            h - +1 cloak
rCorr   .            o - +0 pair of gloves
SInv    .            p - +2 pair of boots {rampage}
Will    .....        (no amulet)
Stlth   +            (no ring)
HPRegen 0.29/turn    (no ring)
MPRegen 0.11/turn

%: rampage
@: corroded
A: sickness immunity, AC +6, negative energy resistance 1, electricity
resistance, torment resistance 1, petrification resistance
a: no special abilities


You were on level 6 of the Dungeon.
You visited 1 branch of the dungeon, and saw 7 of its levels.

You collected 241 gold pieces.
You spent 190 gold pieces at shops.


Innate Abilities, Weirdness & Mutations

You are immune to sickness and miasma.
Your stone body is resilient. (AC +6)
You are immune to poison.
You resist negative energy. (rN+)
You are resistant to electric shocks. (rElec)
You are resistant to unholy torment.
You are immune to petrification.


   Skills:
 - Level 6.4 Fighting
 + Level 8.4 Axes
 - Level 1.8 Throwing
 - Level 4.1 Armour
 - Level 2.2 Dodging
 - Level 3.2 Shields


You had 8 spell levels left.
You didn't know any spells.
Your spell library was empty.

Inventory:

Hand Weapons
 i - a +0 hand axe of flaming
 Y - a +2 war axe of venom (weapon)
Missiles
 n - 3 boomerangs (quivered)
Armour
 b - a +0 helmet (worn)
 c - a +0 buckler (worn)
 h - a +1 cloak (worn)
 k - the +5 ring mail of the Shore (worn) {rN+ Str-4 Dex+10}
   (You found it on level 5 of the Dungeon)

   Str:       It affects your strength (-4).
   Dex:       It affects your dexterity (+10).
   rN:        It protects you from negative energy.
 o - a +0 pair of gloves (worn)
 p - a +2 pair of boots of rampaging (worn)
Scrolls
 f - a scroll of identify
Potions
 a - 2 potions of lignification
 d - 4 potions of might
 e - a potion of resistance
 l - a potion of cancellation {unknown}
 m - a potion of haste
 q - a potion of degeneration {unknown}
 r - a potion of brilliance {unknown}

Dungeon Overview and Level Annotations

Branches:
Dungeon (7/15)
 Temple: D:4-7

Altars:
Sif Muna
Trog
Vehumet

Shops:
D:4 !*[   D:5 :

Annotations:
D:3 2 transporters, qw's ghost, amateur GrFi
D:6 2 runed translucent doors


Message History

4858 ||| DRINKING 2 potions of heal wounds.
You feel much better. The rust devil hits you. The rust devil corrodes you!
You block the orc warrior's attack. You block the rust devil's attack.
You hit the rust devil but do no damage.
The rust devil looks as sick as possible!
The rust devil is heavily wounded.
You closely miss the rust devil. The rust devil barely misses you.
You block the orc warrior's attack. The rust devil hits you!
The rust devil corrodes you!
You hit the rust devil but do no damage.
The rust devil looks as sick as possible!
The rust devil is heavily wounded.
You hit the rust devil but do no damage.
The rust devil hits you! The rust devil corrodes you! The rust devil hits you.
The rust devil corrodes you!
The orc warrior hits you from afar with a +0 glaive!
4861 ||| DRINKING potion of heal wounds.
You feel much better. The rust devil misses you.
The orc warrior hits you from afar with a +0 glaive.
The rust devil hits you. The rust devil corrodes you!
You slash the rust devil!
The rust devil is severely wounded.
You hit the rust devil but do no damage.
The rust devil looks even sicker.
The rust devil hits you. The rust devil corrodes you! The rust devil hits you!
The rust devil corrodes you! The orc warrior closely misses you.
You hit the rust devil but do no damage.
The rust devil is almost dead.
You hit the rust devil but do no damage.
The rust devil hits you. The rust devil corrodes you!
The rust devil closely misses you. The orc warrior barely misses you.
You hit the rust devil but do no damage.
The rust devil is almost dead.
You hit the rust devil but do no damage.
The rust devil hits you. The rust devil corrodes you! The rust devil hits you.
The rust devil corrodes you!
The orc warrior hits you from afar with a +0 glaive!
You die...

#.#######+####..###.....#..# #
...#.........#.............# ##
...#.........#.............# ##.
...#.........'....###......####..
####...##...##..### ###...##....#
..##...##...##.##)#+#)##.#.#...#.
.......#.......#7.....7#...#..##.
..##...##.....##.4o....##.....##.
..##...##.....#>@).8...\#.....##_
....[.........##.4.....##..)...#.
####[..........#7.....7#..##..#..
..##...........##)#+#)##...#....#
.......##...##..### ###....#....#
.......##...##....###....<###....
......................#....###...
......................'...## ##.#
..##...##.............#...## #..


You could see 2 rust devils and an orc warrior.

Vanquished Creatures
  A sky beast (D:6)
  An orc warrior (D:6)
  A black bear (D:6)
  2 ice beasts
  2 ogres
  A phantom (D:3)
  A kobold brigand (D:5)
  3 scorpions
  3 jellies
  3 hounds
  2 orc priests (D:6)
  2 sleepcaps
  Terence (D:2)
  3 iguanas
  7 orc wizards
  9 adders
  3 dart slugs
  22 orcs
  6 endoplasms
  3 giant cockroaches
  5 goblins
  6 hobgoblins
  6 jackals (D:1)
  11 kobolds
  5 quokkas
  3 ball pythons
  8 bats
  4 frilled lizards
  5 rats
129 creatures vanquished.

Notes
Turn   | Place    | Note
-------+----------+-------------------------------------------
     0 | D:1      | qw the Gargoyle Fighter began the quest for the Orb.
     0 | D:1      | Reached XP level 1. HP: 14/14 MP: 1/1
     0 | D:1      | 0 ||| qw: Version: 0.2-a-103-g5a998e5
     0 | D:1      | 0 ||| qw: Game counter: 1098
     0 | D:1      | 0 ||| qw: Always use a shield: true
     0 | D:1      | 0 ||| qw: God list: Okawaru
     0 | D:1      | 0 ||| qw: Allow faded altars: false
     0 | D:1      | 0 ||| qw: Do Orc after D:15 true
     0 | D:1      | 0 ||| qw: Do second Lair branch before Depths: true
     0 | D:1      | 0 ||| qw: Lair rune preference: random
     0 | D:1      | 0 ||| qw: Plans: Normal, Zot:1-4, Slime:5, God:TSO, Crypt,
                  | Tomb, Pan, Hells, Abyss, Win
     0 | D:1      | 0 ||| PLANNING D:1-11
    49 | D:1      | Reached skill level 2 in Axes
    87 | D:1      | 87 ||| Stepping ~*~*~tactically~*~*~ (stealth).
   126 | D:1      | Reached XP level 2. HP: 19/19 MP: 2/2
   244 | D:1      | Reached skill level 3 in Axes
   250 | D:1      | 250 ||| Stepping ~*~*~tactically~*~*~ (stealth).
   295 | D:1      | 295 ||| Stepping ~*~*~tactically~*~*~ (hiding).
   297 | D:1      | 297 ||| Stepping ~*~*~tactically~*~*~ (hiding).
   302 | D:1      | Reached XP level 3. HP: 22/23 MP: 3/3
   348 | D:1      | 348 ||| Stepping ~*~*~tactically~*~*~ (stealth).
   350 | D:1      | 350 ||| Stepping ~*~*~tactically~*~*~ (hiding).
   550 | D:1      | 550 ||| DROPPING +0 club.
   716 | D:1      | 716 ||| READING scroll labelled BOBROI PUBAPO.
   717 | D:1      | 717 ||| READING scroll labelled XOINLILENI.
   718 | D:1      | 718 ||| READING scroll labelled UBERALI FIMUME.
   719 | D:1      | 719 ||| DRINKING 2 fizzy white potions.
   903 | D:2      | 903 ||| Stepping ~*~*~tactically~*~*~ (stealth).
  1050 | D:2      | Noticed Terence
  1054 | D:2      | Killed Terence
  1055 | D:2      | Reached XP level 4. HP: 12/28 MP: 4/4
  1123 | D:2      | 1123 ||| DROPPING +0 whip.
  1142 | D:2      | Found a faded altar of an unknown god.
  1197 | D:2      | Reached skill level 4 in Axes
  1274 | D:2      | Found a shimmering blue altar of Sif Muna.
  1366 | D:2      | 1366 ||| Stepping ~*~*~tactically~*~*~ (stealth).
  1585 | D:2      | 1585 ||| UPGRADING to +0 chain mail.
  1595 | D:2      | 1595 ||| DROPPING +0 scale mail.
  1596 | D:2      | 1596 ||| UPGRADING to +0 pair of gloves.
  1601 | D:2      | 1601 ||| UPGRADING to +2 pair of boots of rampaging.
  1606 | D:2      | 1606 ||| READING scroll labelled QILOYGOELO.
  1607 | D:2      | 1607 ||| READING scroll labelled DIN COFOWAKU.
  1608 | D:2      | 1608 ||| READING scroll labelled QEPPIYLLYSS.
  1671 | D:3      | Noticed a phantom
  1684 | D:3      | Killed a phantom
  1685 | D:3      | Reached XP level 5. HP: 31/32 MP: 5/5
  1738 | D:3      | You fall into a shaft and drop 3 floors!
  1739 | D:6      | 1739 ||| UPGRADING to +0 helmet.
  1744 | D:6      | 1744 ||| READING 2 scrolls of identify.
  1744 | D:6      | 1744 ||| IDENTIFYING bubbling blue potion
  1747 | D:5      | Entered Level 5 of the Dungeon
  1797 | D:5      | Reached skill level 5 in Axes
  1849 | D:5      | Reached XP level 6. HP: 37/39 MP: 6/6
  1857 | D:5      | 1857 ||| FLEEEEING.
  1858 | D:5      | 1858 ||| FLEEEEING.
  1861 | D:5      | 1861 ||| FLEEEEING.
  1862 | D:5      | 1862 ||| FLEEEEING.
  1863 | D:5      | 1863 ||| FLEEEEING.
  1864 | D:5      | 1864 ||| STAIRDANCE
  1914 | D:4      | 1914 ||| Stepping ~*~*~tactically~*~*~ (stealth).
  1916 | D:4      | 1916 ||| Stepping ~*~*~tactically~*~*~ (stealth).
  1919 | D:4      | 1919 ||| Stepping ~*~*~tactically~*~*~ (stealth).
  1995 | D:4      | 1995 ||| READING scroll of enchant weapon.
  1995 | D:4      | 1995 ||| ENCHANTING +1 war axe of venom.
  2010 | D:4      | 2010 ||| READING scroll labelled QAARUO TUYNE.
  2011 | D:4      | 2011 ||| READING scroll labelled YQIODD BUOPLIE.
  2117 | D:3      | Found a radiant altar of Vehumet.
  2176 | D:3      | Identified the +0 kite shield of Bitterness {Contam Str+4
                  | Int+4}
  2188 | D:3      | 2188 ||| Stepping ~*~*~tactically~*~*~ (stealth).
  2190 | D:3      | 2190 ||| Stepping ~*~*~tactically~*~*~ (hiding).
  2191 | D:3      | 2191 ||| Stepping ~*~*~tactically~*~*~ (hiding).
  2192 | D:3      | 2192 ||| Stepping ~*~*~tactically~*~*~ (hiding).
  2244 | D:3      | 2244 ||| Stepping ~*~*~tactically~*~*~ (stealth).
  2362 | D:3      | Noticed qw's ghost (amateur GrFi)
  2410 | D:3      | Found a transporter.
  2416 | D:3      | Found a transporter.
  2476 | D:3      | 2476 ||| DRINKING 2 white potions.
  2477 | D:3      | 2477 ||| READING 2 scrolls of identify.
  2477 | D:3      | 2477 ||| IDENTIFYING dark potion
  2478 | D:3      | 2478 ||| DROPPING potion of flight.
  2558 | D:4      | 2558 ||| Stepping ~*~*~tactically~*~*~ (hiding).
  2668 | D:4      | Found Lybal's Armour Boutique.
  2696 | D:4      | 2696 ||| BUYING +1 cloak (115 gold).
  2696 | D:4      | Bought a +1 cloak for 115 gold pieces
  2696 | D:4      | 2696 ||| SHOPLISTING +4 plate armour of willpower (500
                  | gold, have 77).
  2751 | D:4      | Found Kuheunla's Assorted Antiques.
  2795 | D:4      | Reached skill level 6 in Axes
  2795 | D:4      | Reached XP level 7. HP: 44/44 MP: 7/7
  2800 | D:4      | 2800 ||| SHOPLISTING 3 scrolls of enchant weapon (585 gold,
                  | have 77).
  2800 | D:4      | 2800 ||| BUYING golden potion (23 gold).
  2800 | D:4      | Bought a golden potion for 23 gold pieces
  2800 | D:4      | 2800 ||| BUYING scroll labelled JYOJAXZIETH (26 gold).
  2800 | D:4      | Bought a scroll labelled JYOJAXZIETH for 26 gold pieces
  2800 | D:4      | 2800 ||| BUYING scroll labelled VERUDGH PAHAENO (26 gold).
  2800 | D:4      | Bought a scroll labelled VERUDGH PAHAENO for 26 gold pieces
  2800 | D:4      | 2800 ||| SHOPLISTING viscous white potion (23 gold, have
                  | 2).
  2855 | D:4      | Found Kyoshrash's Distillery.
  2863 | D:4      | 2863 ||| SHOPLISTING 2 potions of haste (280 gold, have
                  | 12).
  2863 | D:4      | 2863 ||| SHOPLISTING potion of curing (42 gold, have 12).
  2863 | D:4      | 2863 ||| SHOPLISTING potion of heal wounds (70 gold, have
                  | 12).
  2863 | D:4      | 2863 ||| SHOPLISTING potion of lignification (42 gold, have
                  | 12).
  2863 | D:4      | 2863 ||| SHOPLISTING potion of might (56 gold, have 12).
  3040 | D:4      | Reached skill level 1 in Dodging
  3144 | D:4      | 3144 ||| UPGRADING to +1 cloak.
  3149 | D:4      | 3149 ||| READING scroll labelled UCWYP BILARCH.
  3150 | D:4      | 3150 ||| READING scroll labelled JYOJAXZIETH.
  3251 | D:4      | 3251 ||| READING scroll labelled VERUDGH PAHAENO.
  3252 | D:4      | 3252 ||| DRINKING 2 viscous grey potions.
  3290 | D:5      | Found Cagg's Book Shoppe.
  3450 | D:5      | Identified the +5 ring mail of the Shore {rN+ Str-4 Dex+10}
  3676 | D:5      | Reached skill level 7 in Axes
  3784 | D:5      | HP: 8/44 [ogre/+0 giant club (24)]
  3785 | D:5      | 3785 ||| DRINKING 2 potions of heal wounds.
  3789 | D:5      | Reached XP level 8. HP: 24/49 MP: 8/8
  3940 | D:5      | 3940 ||| UPGRADING to +5 ring mail of the Shore {rN+ Str-4
                  | Dex+10}.
  3950 | D:5      | 3950 ||| DROPPING +0 chain mail.
  3951 | D:5      | 3951 ||| READING scroll labelled OWUNGO INGIREBB.
  3964 | D:6      | 3964 ||| Stepping ~*~*~tactically~*~*~ (stealth).
  3966 | D:6      | 3966 ||| Stepping ~*~*~tactically~*~*~ (stealth).
  4016 | D:6      | 4016 ||| Stepping ~*~*~tactically~*~*~ (stealth).
  4017 | D:6      | 4017 ||| Stepping ~*~*~tactically~*~*~ (stealth).
  4074 | D:6      | 4074 ||| Stepping ~*~*~tactically~*~*~ (hiding).
  4077 | D:6      | 4077 ||| Stepping ~*~*~tactically~*~*~ (hiding).
  4078 | D:6      | 4078 ||| Stepping ~*~*~tactically~*~*~ (stealth).
  4117 | D:6      | 4117 ||| Stepping ~*~*~tactically~*~*~ (stealth).
  4156 | D:6      | Reached skill level 8 in Axes
  4215 | D:6      | 4215 ||| Stepping ~*~*~tactically~*~*~ (stealth).
  4217 | D:6      | 4217 ||| Stepping ~*~*~tactically~*~*~ (stealth).
  4262 | D:6      | Found a large runed translucent door.
  4263 | D:6      | Found a large runed translucent door.
  4306 | D:6      | 4306 ||| Stepping ~*~*~tactically~*~*~ (hiding).
  4322 | D:6      | Reached skill level 6 in Fighting
  4339 | D:6      | 4339 ||| Stepping ~*~*~tactically~*~*~ (hiding).
  4340 | D:6      | 4340 ||| Stepping ~*~*~tactically~*~*~ (hiding).
  4347 | D:6      | 4347 ||| DRINKING potion of curing.
  4347 | D:6      | 4347 ||| (to cure confusion)
  4364 | D:6      | 4364 ||| Stepping ~*~*~tactically~*~*~ (stealth).
  4389 | D:6      | 4389 ||| Stepping ~*~*~tactically~*~*~ (hiding).
  4390 | D:6      | 4390 ||| Stepping ~*~*~tactically~*~*~ (hiding).
  4391 | D:6      | 4391 ||| Stepping ~*~*~tactically~*~*~ (hiding).
  4543 | D:6      | Found a bloodstained altar of Trog.
  4688 | D:6      | 4688 ||| READING scroll labelled XYAKELEGHO.
  4689 | D:6      | 4689 ||| READING scroll labelled ERGHENWE EMUOTTIGO.
  4690 | D:6      | 4690 ||| DRINKING 2 yellow potions.
  4755 | D:7      | 4755 ||| STAIRDANCE
  4759 | D:7      | 4759 ||| STAIRDANCE
  4763 | D:7      | 4763 ||| STAIRDANCE
  4767 | D:7      | 4767 ||| STAIRDANCE
  4771 | D:7      | 4771 ||| STAIRDANCE
  4775 | D:7      | 4775 ||| STAIRDANCE
  4779 | D:7      | 4779 ||| STAIRDANCE
  4783 | D:7      | 4783 ||| STAIRDANCE
  4787 | D:7      | 4787 ||| STAIRDANCE
  4791 | D:7      | 4791 ||| STAIRDANCE
  4795 | D:7      | 4795 ||| STAIRDANCE
  4799 | D:7      | 4799 ||| STAIRDANCE
  4803 | D:7      | 4803 ||| STAIRDANCE
  4807 | D:7      | 4807 ||| STAIRDANCE
  4811 | D:7      | 4811 ||| STAIRDANCE
  4815 | D:7      | 4815 ||| STAIRDANCE
  4819 | D:7      | 4819 ||| STAIRDANCE
  4823 | D:7      | 4823 ||| STAIRDANCE
  4827 | D:7      | 4827 ||| STAIRDANCE
  4831 | D:7      | 4831 ||| STAIRDANCE
  4849 | D:6      | Noticed a rust devil
  4849 | D:6      | Noticed a rust devil
  4857 | D:6      | HP: 13/52 [orc warrior/+0 glaive (11)]
  4858 | D:6      | Reached skill level 1 in Throwing
  4858 | D:6      | Reached XP level 9. HP: 14/56 MP: 9/9
  4858 | D:6      | 4858 ||| DRINKING 2 potions of heal wounds.
  4861 | D:6      | 4861 ||| DRINKING potion of heal wounds.
  4862 | D:6      | HP: 14/56 [rust devil (8)]
  4864 | D:6      | Mangled by an orc warrior

Levels and vault maps discovered:
D:1:      saegor_arrival_simple_e, layout_basic
D:2:      layout_loops_ring, hellmonk_ecumenical_altar_zigzags, basic_altar,
          uniq_terence
D:3:      layout_rooms, mainiacjoe_overflow_six_doors_small,
          gammafunk_ghost_gnarly_gnolls
D:4:      layout_basic, serial_shops, shop, shop,
          nicolae_shop_pleasant_corner_grove, chequers_jeans
D:5:      cheibrodos_thug_alley, layout_gridville, serial_shops,
          nicolae_shop_statue_plus
D:6:      cheibrodos_iron_armory, layout_gridville, jmf_multi_god_temple2,
          nrook_loot_triangle, minmay_ruined_shrine
D:7:      nzn_winding_woodlands_cross [nzn_winding_woodlands_5x15_concentric,
          nzn_winding_woodlands_5x15_jagged, nzn_winding_woodlands_5x15_garden,
          nzn_winding_woodlands_5x15_twine,
          nzn_winding_woodlands_15x15_eel_pit], layout_basic,
          nicolae_ru_great_annihilating_truth, minmay_temple_entry_from_below_a,
          serial_shops, shop, shop, nicolae_shop_stone,
          nicolae_shop_industrial_runoff, nicolae_shop_window_shopping

Skill      XL: |  1  2  3  4  5  6  7  8 |
---------------+-------------------------+-----
Axes           | 2 3 4 5 6 7 8 |  8.4
Fighting       | 4 5 6 |  6.4
Dodging        | 1 2 |  2.2
Armour         | 4 |  4.1
Throwing       | 1 |  1.8
Shields        | |  3.2

Action                     |  1- 3 |  4- 6 |  7- 9 || total
---------------------------+-------+-------+-------++-------
  Melee: War axe           |   120 |   118 |   176 ||   414
  Throw: Boomerang         |       |       |     1 ||     1
    Use: Scroll            |     3 |     8 |     6 ||    17
         Potion            |     1 |     1 |     6 ||     8
 Armour: Scale mail        |    75 |     5 |       ||    80
         Chain mail        |       |    62 |    30 ||    92
         Ring mail         |       |       |    59 ||    59
  Dodge: Dodged            |    88 |    31 |    79 ||   198
  Block: Buckler           |    27 |    17 |    34 ||    78

Table legend:
 A = Non-vault XP
 B = Vault XP
 C = Vault XP percentage of total XP
 D = Non-vault monster count
 E = Vault monster count
 F = Vault count percentage of total count
                 A         B        C        D         E       F
            +---------+---------+-------+---------+---------+-------
      Total |    1713 |     736 |  30.1 |     115 |      14 |  10.9
            +---------+---------+-------+---------+---------+-------
        D:1 |      49 |       0 |   0.0 |      29 |       0 |   0.0
        D:2 |      29 |      36 |  55.4 |      12 |       1 |   7.7
        D:3 |     197 |       0 |   0.0 |      16 |       0 |   0.0
        D:4 |     268 |       0 |   0.0 |      16 |       0 |   0.0
        D:5 |     625 |     103 |  14.1 |      12 |       7 |  36.8
        D:6 |     545 |     597 |  52.3 |      30 |       6 |  16.7
            +---------+---------+-------+---------+---------+-------
